 Dungeon Crawl Stone Soup version 0.21.0-25-ge575cb9 (webtiles) character file.

2322 manyhoops the Magician (level 9, -1/61 HPs)
             Began as a Gnoll Wanderer on Jan 24, 2018.
             Was an Initiate of Hepliaklqana.
             Slain by a two-headed ogre
             ... wielding a +0 giant club
              (28 damage)
             ... on level 7 of the Dungeon.
             The game lasted 00:11:30 (6410 turns).

manyhoops the Magician (Gnoll Wanderer)             Turns: 6410, Time: 00:11:31

Health: -1/61      AC: 20    Str: 17    XL:     9   Next: 42%
Magic:  18/18      EV:  7    Int: 15    God:    Hepliaklqana [......]
Gold:   319        SH:  6    Dex: 17    Spells: 20/21 levels left

rFire    + . .     SeeInvis +   i - +2 flail (holy)
rCold    . . .     Gourm    .   J - +0 buckler
rNeg     . . .     Faith    .   C - +4 plate armour "Cinniove" {rCorr Stlth+}
rPois    +         Spirit   .   o - +1 helmet
rElec    .         Reflect  .   w - +0 cloak
rCorr    +         Harm     .   (no gloves)
MR       +....                  e - +0 pair of boots
Stlth    ..........             (no amulet)
HPRegen  0.20/turn              t - ring of fire
MPRegen  0.16/turn              M - ring of see invisible

@: no status effects
A: distributed training, reduced essence, fangs 1, agile 1, cold resistance 1,
magic resistance 1, poison resistance, strong nose
a: Recall Ancestor, Ancestor Identity, Renounce Religion


You were on level 7 of the Dungeon.
You worshipped Hepliaklqana.
Hepliaklqana was noncommittal.
You were not hungry.

You visited 2 branches of the dungeon, and saw 8 of its levels.

You collected 319 gold pieces.

Inventory:

Hand Weapons
 a - a +2 shortbow
 i - a +2 flail of holy wrath (weapon)
Missiles
 b - 62 arrows
 v - 98 bolts
Armour
 e - a +0 pair of boots (worn)
 o - a +1 helmet (worn)
 w - a +0 cloak (worn)
 C - the +4 plate armour "Cinniove" (worn) {rCorr Stlth+}
   (You found it on level 4 of the Dungeon)

   It protects you from acid and corrosion.
   It makes you more stealthy.
 J - a +0 buckler (worn)
Jewellery
 t - a ring of fire (left hand)
 M - a ring of see invisible (right hand)
Wands
 r - a wand of flame (10)
 F - a wand of iceblast (23)
 L - a wand of paralysis (8)
Scrolls
 d - a scroll of fear {unknown}
 h - a scroll of amnesia
 k - 3 scrolls of remove curse
 m - a scroll of enchant armour
 p - 2 scrolls of noise
 y - 2 scrolls of immolation
 B - a scroll of blinking
 D - a scroll of teleportation {unknown}
 H - a scroll of enchant weapon {unknown}
 K - 2 scrolls of identify
Potions
 g - 2 potions of brilliance
 j - 4 potions of curing
 l - a potion of cancellation
 n - a potion of heal wounds
 q - a potion of ambrosia
 s - 2 potions of magic {unknown}
 u - a potion of flight
 x - a potion of haste
 z - 2 potions of degeneration
 E - a potion of mutation
 G - a potion of lignification {unknown}
 I - a potion of might {unknown}
Books
 c - the Compendium of Air

   Spells                             Type                      Level
   a - Shock                          Conjuration/Air              1
   b - Mephitic Cloud                 Conjuration/Poison/Air       3
Comestibles
 f - 9 rations
 A - 2 chunks of flesh


   Skills:
 + Level 5.0 Fighting
 + Level 4.1 Short Blades
 + Level 4.1 Long Blades
 + Level 4.1 Axes
 + Level 4.1 Maces & Flails
 + Level 4.1 Polearms
 + Level 4.1 Staves
 + Level 4.1 Slings
 + Level 5.0 Bows
 + Level 4.1 Crossbows
 + Level 4.1 Throwing
 + Level 5.0 Armour
 + Level 4.1 Dodging
 + Level 4.8 Stealth
 + Level 5.0 Shields
 + Level 4.1 Unarmed Combat
 + Level 6.6 Spellcasting
 + Level 3.4 Conjurations
 + Level 3.4 Hexes
 + Level 3.4 Charms
 + Level 3.4 Summonings
 + Level 3.4 Necromancy
 + Level 3.4 Translocations
 + Level 3.4 Transmutations
 + Level 3.4 Fire Magic
 + Level 3.4 Ice Magic
 + Level 3.4 Air Magic
 + Level 3.4 Earth Magic
 + Level 6.5 Poison Magic
 + Level 4.5 Invocations
 + Level 4.1 Evocations


You had 20 spell levels left.
You knew the following spells:

 Your Spells              Type           Power        Failure   Level  Hunger
a - Shock                 Conj/Air       ###.         80%         1    None


Dungeon Overview and Level Annotations

Branches:
Dungeon (7/15)             Temple (1/1) D:6

Altars:
Ashenzari
Cheibriados
Dithmenos
Elyvilon
Fedhas
Gozag
Hepliaklqana
Kikubaaqudgha
Nemelex Xobeh
Qazlal
Sif Muna
Trog
Uskayaw
Vehumet
Wu Jian
Yredelemnul
Zin


Innate Abilities, Weirdness & Mutations

Your experience applies equally to all skills.
You have very sharp teeth.
Your uncanny sense of smell can sniff out nearby items.
Your life essence is reduced to manifest your ancestor. (-10% HP)
You are agile. (Dex +2)
Your flesh is cold resistant. (rC+)
You are resistant to hostile enchantments. (MR+)
Your system is resistant to poisons. (rPois)


Message History

You see here 23 stones.
Found a scroll labeled OJUFFOKHULI.
Found a scroll of identify.
Mettia emerges from the mists of memory!
Found a pair of boots.
You hit the two-headed ogre but do no damage.
The two-headed ogre is lightly wounded.
The two-headed ogre completely misses you.
The two-headed ogre hits you but does no damage.
Mettia hits the two-headed ogre but does no damage.
You hit the two-headed ogre. Your bite misses the two-headed ogre.
The two-headed ogre is lightly wounded.
The two-headed ogre hits you but does no damage.
The two-headed ogre hits you with a giant spiked club.
Mettia hits the two-headed ogre.
You hit the two-headed ogre. You bite the two-headed ogre.
The two-headed ogre is moderately wounded.
Mettia hits the two-headed ogre but does no damage.
The two-headed ogre hits you with a giant club!!
You die...

∆ # ..........# #
....[.#..# ∆ ....$...#
####.......# ....# ..#.
..........# ....# y...
#........# #.#.# y...
#.......# ##.#.# #.##
#..@...#####....# # ...
#?O#.#.##...>...## # ...
#.R#.#.##<.......### ..#
#..#...†.).....#..## .#
#..#.#.##).......# # ∆
#..##.###.#.....## #
#.#.#..##.###.##....# #
.............(.....#.####
.#.............#####.....


You could see the friendly Mettia the ancestor and a two-headed ogre.

Vanquished Creatures
  The ghost of Monsterracer the Digger, a novice OpEE (D:4)
  An orc warrior (D:6)
  A sky beast (D:5)
  3 phantoms
  A black bear (D:6)
  An ogre (D:5)
  A centaur (D:5)
  Blork the orc (D:6)
  A bullfrog (D:6)
  3 scorpions (D:5)
  A water moccasin skeleton (D:6)
  6 killer bees
  2 howler monkeys
  3 crimson imps
  The ghost of Zorot the Firebug, a weakling TeFE (D:3)
  A quasit (D:5)
  2 bullfrog skeletons (D:5)
  A hound (D:6)
  An orc priest (D:5)
  7 orc wizards
  2 iguanas
  A worker ant (D:7)
  A hound skeleton (D:5)
  A worker ant zombie (D:5)
  A howler monkey skeleton (D:6)
  A gnoll (D:1)
  2 adders
  2 shadow imps (D:6)
  An ooze (D:1)
  An adder zombie (D:6)
  A leopard gecko (D:5)
  16 orcs
  3 giant cockroaches
  5 goblins
  6 hobgoblins
  6 jackals
  3 quokkas
  2 ball pythons (D:1)
  5 bats
  3 frilled lizards
  A jackal zombie (D:6)
  2 kobolds
  7 rats
112 creatures vanquished.

Vanquished Creatures (collateral kills)
  An orc (D:6)
  A giant cockroach (D:7)
2 creatures vanquished.

Vanquished Creatures (others)
  2 ancestors (D:7)
2 creatures vanquished.

Grand Total: 116 creatures vanquished

Notes
Turn   | Place    | Note
-------+----------+-------------------------------------------
     0 | D:1      | manyhoops the Gnoll Wanderer began the quest for the Orb.
     0 | D:1      | manyhoops set off with: a +2 shortbow, 21 arrows, the Compendium of Air, a +0 ring mail, a ration
     0 | D:1      | Reached XP level 1. HP: 17/17 MP: 6/6
     0 | D:1      | Identified the Compendium of Air
     2 | D:1      | Learned a level 1 spell: Shock
    13 | D:1      | Reached XP level 2. HP: 23/23 MP: 7/7
   362 | D:1      | Reached XP level 3. HP: 27/28 MP: 9/9
   430 | D:1      | Reached skill level 5 in Spellcasting
   541 | D:2      | Found a blossoming altar of Fedhas.
   874 | D:2      | Reached skill level 1 in Invocations
   968 | D:2      | Found a snail-covered altar of Cheibriados.
  1321 | D:3      | Found a bloodstained altar of Trog.
  1321 | D:3      | Found a shadowy altar of Dithmenos.
  1338 | D:3      | Noticed Zorot's ghost (weakling TeFE)
  1345 | D:3      | Killed Zorot's ghost
  1345 | D:3      | Reached skill level 1 in Short Blades
  1345 | D:3      | Reached skill level 1 in Long Blades
  1345 | D:3      | Reached skill level 1 in Axes
  1345 | D:3      | Reached skill level 1 in Maces & Flails
  1345 | D:3      | Reached skill level 1 in Polearms
  1345 | D:3      | Reached skill level 1 in Staves
  1345 | D:3      | Reached skill level 1 in Slings
  1345 | D:3      | Reached skill level 1 in Crossbows
  1345 | D:3      | Reached skill level 1 in Throwing
  1345 | D:3      | Reached skill level 1 in Dodging
  1345 | D:3      | Reached skill level 1 in Unarmed Combat
  1345 | D:3      | Reached skill level 1 in Evocations
  1345 | D:3      | Reached XP level 4. HP: 17/34 MP: 11/11
  1650 | D:3      | Noticed a phantom
  1675 | D:3      | Killed a phantom
  1675 | D:3      | Reached skill level 1 in Conjurations
  1675 | D:3      | Reached skill level 1 in Hexes
  1675 | D:3      | Reached skill level 1 in Charms
  1675 | D:3      | Reached skill level 1 in Summonings
  1675 | D:3      | Reached skill level 1 in Necromancy
  1675 | D:3      | Reached skill level 1 in Translocations
  1675 | D:3      | Reached skill level 1 in Transmutations
  1675 | D:3      | Reached skill level 1 in Fire Magic
  1675 | D:3      | Reached skill level 1 in Ice Magic
  1675 | D:3      | Reached skill level 1 in Air Magic
  1675 | D:3      | Reached skill level 1 in Earth Magic
  1675 | D:3      | Reached XP level 5. HP: 20/41 MP: 12/12
  1925 | D:4      | Found a stormy altar of Qazlal.
  2020 | D:4      | Got a spiked plate armour
  2031 | D:4      | Identified the +4 plate armour "Cinniove" {rCorr Stlth+} (You found it on level 4 of the Dungeon)
  2554 | D:4      | Noticed Monsterracer's ghost (novice OpEE)
  2578 | D:4      | Killed Monsterracer's ghost
  2578 | D:4      | Reached XP level 6. HP: 37/47 MP: 14/14
  3243 | D:4      | Gained mutation: Your flesh is cold resistant. (rC+) [potion of mutation]
  3243 | D:4      | Gained mutation: You are agile. (Dex +2) [potion of mutation]
  3243 | D:4      | Gained mutation: Your system is resistant to poisons. (rPois) [potion of mutation]
  3243 | D:4      | Gained mutation: You are resistant to hostile enchantments. (MR+) [potion of mutation]
  3349 | D:5      | Entered Level 5 of the Dungeon
  3372 | D:5      | Reached XP level 7. HP: 28/52 MP: 15/15
  4000 | D:5      | Reached XP level 8. HP: 28/60 MP: 16/16
  5307 | D:6      | Noticed Blork the orc
  5323 | D:6      | Killed Blork the orc
  5487 | D:6      | Found a staircase to the Ecumenical Temple.
  5583 | Temple   | Entered the Ecumenical Temple
  5595 | Temple   | Became a worshipper of Hepliaklqana the Forgotten
  5716 | D:6      | Reached XP level 9. HP: 57/59 MP: 18/18
  5885 | D:6      | Found a basalt altar of Yredelemnul.
  6065 | D:7      | Noticed a two-headed ogre
  6385 | D:7      | Reached skill level 5 in Fighting
  6385 | D:7      | Reached skill level 5 in Bows
  6385 | D:7      | Reached skill level 5 in Armour
  6385 | D:7      | Reached skill level 5 in Shields
  6410 | D:7      | Slain by a two-headed ogre

Skill      XL: |  1  2  3  4  5  6  7  8  9 |
---------------+----------------------------+-----
Spellcasting   | 5 6 |  6.6
Invocations    | 1 2 3 4 |  4.5
Short Blades   | 1 2 3 4 |  4.1
Long Blades    | 1 2 3 4 |  4.1
Axes           | 1 2 3 4 |  4.1
Maces & Flails | 1 2 3 4 |  4.1
Polearms       | 1 2 3 4 |  4.1
Staves         | 1 2 3 4 |  4.1
Slings         | 1 2 3 4 |  4.1
Crossbows      | 1 2 3 4 |  4.1
Throwing       | 1 2 3 4 |  4.1
Dodging        | 1 2 3 4 |  4.1
Unarmed Combat | 1 2 3 4 |  4.1
Evocations     | 1 2 3 4 |  4.1
Fighting       | 3 4 5 |  5.0
Bows           | 3 4 5 |  5.0
Armour         | 3 4 5 |  5.0
Shields        | 3 4 5 |  5.0
Conjurations   | 1 2 3 |  3.4
Hexes          | 1 2 3 |  3.4
Charms         | 1 2 3 |  3.4
Summonings     | 1 2 3 |  3.4
Necromancy     | 1 2 3 |  3.4
Translocations | 1 2 3 |  3.4
Transmutations | 1 2 3 |  3.4
Fire Magic     | 1 2 3 |  3.4
Ice Magic      | 1 2 3 |  3.4
Air Magic      | 1 2 3 |  3.4
Earth Magic    | 1 2 3 |  3.4
Stealth        | 3 4 |  4.8
Poison Magic   | 6 |  6.5

Action                   |  1- 3 |  4- 6 |  7- 9 || total
-------------------------+-------+-------+-------++-------
Melee: Mace              |     9 |   100 |   230 ||   339
       Bite              |     1 |     8 |    63 ||    72
       Punch             |       |       |     7 ||     7
       Shortbow          |       |       |     1 ||     1
       Flail             |       |       |   240 ||   240
 Fire: Shortbow          |    62 |    16 |    14 ||    92
Throw: Tomahawk          |       |       |     3 ||     3
Evoke: Wand              |       |       |     1 ||     1
  Use: Potion            |     1 |     8 |     1 ||    10
       Scroll            |     1 |     5 |     2 ||     8
 Stab: Sleeping          |     1 |       |       ||     1
       Distracted        |       |       |     1 ||     1
  Eat: Chunk             |       |     2 |     6 ||     8
       Ration            |       |     2 |     1 ||     3
Armor: Ring mail         |    11 |    33 |       ||    44
       Plate armour      |       |    72 |   458 ||   530
Dodge: Dodged            |     7 |    53 |   180 ||   240
Block: Buckler           |       |       |    24 ||    24
